 Dungeon Crawl Stone Soup version 0.27-a0-1065-ge809cff456 (webtiles) character file.

Game seed: 10882699490990256815

42 tardwrangler69 the Shield-Bearer (level 3, 0/30 HPs)
             Began as a Formicid Fighter on Apr 23, 2021.
             Slain by Sigmund
             ... wielding a +0 vorpal scythe
              (1 damage)
             ... on level 2 of the Dungeon.
             The game lasted 00:01:11 (1473 turns).

tardwrangler69 the Shield-Bearer (Formicid Fighter) Turns: 1473, Time: 00:01:11

Health: 0/30       AC:  8    Str: 21    XL:     3   Next: 77%
Magic:  3/3        EV:  8    Int:  7    God:
Gold:   76         SH:  0    Dex: 10    Spells: 2/2 levels left

rFire    . . .     SeeInvis +   a - +0 war axe
rCold    . . .     Faith    .   c - +0 kite shield
rNeg     . . .     Spirit   .   b - +0 scale mail
rPois    .         Reflect  .   (helmet unavailable)
rElec    .         Harm     .   (no cloak)
rCorr    .         Rampage  .   h - +0 pair of gloves
Will     .....                  (no boots)
Stlth    ..........             (no amulet)
HPRegen  0.10/turn              (no ring)
MPRegen  0.08/turn              (no ring)

@: confused, mighty
A: permanent stasis, dig shafts and tunnels, antennae 3, four strong arms
a: Dig, Shaft Self


You were on level 2 of the Dungeon.
You visited 1 branch of the dungeon, and saw 2 of its levels.

You collected 76 gold pieces.

Inventory:

Hand Weapons
 a - a +0 war axe (weapon)
Armour
 b - a +0 scale mail (worn)
 c - a +0 kite shield (worn)
 h - a +0 pair of gloves (worn)
Scrolls
 e - a scroll of identify {unknown}
 f - a scroll of enchant armour {unknown}
 g - a scroll of teleportation {unknown}
 i - a scroll of noise {unknown}
Potions
 j - a potion of flight {unknown}


   Skills:
 + Level 3.7 Fighting
 * Level 3.1 Axes
 - Level 3.3 Armour
 + Level 4.1 Shields


You had 2 spell levels left.
You didn't know any spells.
Your spell library was empty.

Dungeon Overview and Level Annotations

Branches:
Dungeon (2/15)

Altars:

Annotations:
D:2 Sigmund


Innate Abilities, Weirdness & Mutations

You cannot be hasted, slowed, berserked, paralysed or teleported.
You can dig through walls and to a lower floor.
You have a pair of large antennae on your head. (SInv)
Your four strong arms can wield two-handed weapons with a shield.


Message History

You block the goblin's attack.
Sigmund hits you with a +0 vorpal scythe.
You barely miss Sigmund.
Sigmund is lightly wounded.
You hit the goblin.
You kill the goblin!
Sigmund points at you and mumbles some strange words.
The puff of flame hits you but does no damage.
You closely miss Sigmund.
Sigmund is lightly wounded.
Sigmund hits you with a +0 vorpal scythe!
Sigmund barely misses you.
You are too injured to fight recklessly!
You are too injured to fight recklessly!
You are too injured to fight recklessly!
You are too injured to fight recklessly!
You are too injured to fight recklessly!
You are too injured to fight recklessly!
You are too injured to fight recklessly!
You are too injured to fight recklessly!
Sigmund is nearby!
Sigmund is nearby!
You are too injured to fight recklessly!
You are too injured to fight recklessly!
Unknown command.
You feel very mighty all of a sudden. Sigmund gestures at you while chanting.
You are confused.
You slice Sigmund!!
Sigmund is severely wounded.
Sigmund hits you with a +0 vorpal scythe.
* * * LOW HITPOINT WARNING * * *
Sigmund gestures at himself while chanting.
Sigmund flickers and vanishes for a moment.
Things that are here:
a +0 club; a +0 hunting sling; 32 stones You bump into the rock wall.
Sigmund hits you but does no damage.
Sigmund hits you from afar with a +0 vorpal scythe!
* * * LOW HITPOINT WARNING * * *
You die...

.....#
#.####..##...#
######
#.##.........#
#.##.##.##...#
#.......###..#
#.##.##.# #.##
#.##.##.###.####
#.##........#
#.##........#
#.##@##........#
#...)..........#
####@###^.........
#.# #.......###
#.# ........#
#..#.#####..#
##.#. ..# ... .#
.#


You could see Sigmund (invisible).

Vanquished Creatures
  A dart slug (D:1)
  7 ball pythons
  An endoplasm (D:1)
  A giant cockroach (D:1)
  3 goblins
  2 hobgoblins (D:1)
  9 jackals (D:1)
  4 quokkas (D:1)
  5 bats
  2 rats (D:1)
35 creatures vanquished.

Notes
Turn   | Place    | Note
-------+----------+-------------------------------------------
     0 | D:1      | tardwrangler69 the Formicid Fighter began the quest for the
                  | Orb.
     0 | D:1      | Reached XP level 1. HP: 18/18 MP: 1/1
   167 | D:1      | Reached XP level 2. HP: 24/24 MP: 2/2
   407 | D:1      | Reached XP level 3. HP: 4/29 MP: 3/3
   410 | D:1      | Reached skill level 4 in Shields
  1273 | D:2      | Found a faded altar of an unknown god.
  1461 | D:2      | Noticed Sigmund
  1473 | D:2      | HP: 1/30 [Sigmund/+0 vorpal scythe (8)]
  1473 | D:2      | Slain by Sigmund

Illustrated notes

Levels and vault maps discovered:
D:1:      dpeg_arrival_round_c, layout_basic
D:2:      layout_loops_cross, basic_ecumenical_altar, uniq_sigmund

Skill      XL: |  1  2  3 |
---------------+----------+-----
Shields        | 4 |  4.1
Axes           | 3 |  3.1
Fighting       | |  3.7
Armour         | |  3.3

Action                   || total
-------------------------++-------
Melee: War axe           ||   100
  Use: Potion            ||     1
Armor: Scale mail        ||    64
Dodge: Dodged            ||    61
Block: Kite shield       ||    70

Table legend: (Time is in decaauts)
 A = Elapsed time spent in this place.
 B = Non-inter-level travel time spent in this place.
 C = Inter-level travel time spent in this place.
 D = Time resting spent in this place.
 E = Time spent auto-exploring this place.
 F = Levels seen in this place.
 G = Mean time per level.
                   A        B        C        D        E       F      G
               +--------+--------+--------+--------+--------+-----+--------+
         Total |   1527 |   1421 |    106 |      0 |   1171 |   2 |  763.5 |
       Dungeon |   1527 |   1421 |    106 |      0 |   1171 |   2 |  763.5 |
               +--------+--------+--------+--------+--------+-----+--------+

Top non-repeatable levels by time:
     D:1: 1264 daAuts
     D:2: 262 daAuts
